 Dungeon Crawl Stone Soup version 0.30-a0-782-ge64f9170bb (webtiles) character file.

Game seed: 8873543098372328818

70 Dartaoz the Conjurer (level 4, -5/33 HPs)
             Began as a Draconian Conjurer on Feb 18, 2023.
             Was an Initiate of Vehumet.
             Killed by divine providence
             ... invoked by an orc priest
              (9 damage)
             ... on level 3 of the Dungeon.
             The game lasted 00:03:22 (2341 turns).

Dartaoz the Conjurer (Draconian Conjurer)           Turns: 2341, Time: 00:03:22

Health: -5/33      AC:  5    Str:  9    XL:     4   Next: 4%
Magic:  1/8        EV: 12    Int: 20    God:    Vehumet [......]
Gold:   165        SH:  0    Dex: 10    Spells: 8/9 levels left

rFire   . . .      SeeInvis .    e - +0 dagger
rCold   . . .      Faith    .    (no shield)
rNeg    . . .      Spirit   .    (body armour unavailable)
rPois   .          Reflect  .    (helmet restricted)
rElec   .          Harm     .    (no cloak)
rCorr   .          Rampage  .    (no gloves)
Will    .....                    (no boots)
Stlth   ++                       (no amulet)
HPRegen 0.25/turn                (no ring)
MPRegen 0.11/turn                (no ring)

@: no status effects
A: AC +5, unfitting armour, cold-blooded
a: Renounce Religion


You were on level 3 of the Dungeon.
You worshipped Vehumet.
Vehumet was noncommittal.
You visited 1 branch of the dungeon, and saw 3 of its levels.

You collected 165 gold pieces.

Inventory:

Hand Weapons
 c - a +0 mace
 e - a +0 dagger (weapon)
Jewellery
 j - a ring of fire
Scrolls
 b - a scroll of blinking {unknown}
 g - 2 scrolls of immolation {unknown}
 i - a scroll of silence {unknown}
 k - a scroll of poison {unknown}
 m - a scroll of fog {unknown}
Potions
 a - 2 potions of magic
 d - 2 potions of might {unknown}
 f - a potion of attraction {unknown}
 h - 2 potions of curing {unknown}
 l - a potion of brilliance {unknown}


   Skills:
 - Level 1.7 Dodging
 - Level 1.7 Stealth
 + Level 3.1 Spellcasting
 + Level 4.9 Conjurations


You had 8 spell levels left.
You knew the following spells:

 Your Spells              Type           Power      Damage    Failure   Level
a - Magic Dart            Conj           88%        1d7       1%          1

Your spell library contained the following spells:

 Spells                   Type           Power      Damage    Failure   Level
 Searing Ray              Conj           44%        2d6       2%          2
 Dazzling Flash           Conj/Hex       24%        N/A       16%         3
 Fulminant Prism          Conj/Hex       6%         3d7       45%         4
 Iskenderun's Mystic Bla  Conj/Tloc      12%        2d5       45%         4


Dungeon Overview and Level Annotations

Branches:
Dungeon (3/15)

Altars:
Vehumet


Innate Abilities, Weirdness & Mutations

Your plain brown scales are hard. (AC +5)
You cannot fit into any form of body armour.
You are cold-blooded and may be slowed by cold attacks.


Message History

An orc priest comes into view. It is wielding a +2 heavy war axe.
You barely miss the orc.
The orc priest shouts!
You tail-slap the orc.
You kill the orc!
Vehumet accepts your kill.
Things that are here:
a +0 dagger; an orc corpse The orc priest hits you with a +2 heavy war axe!
Your magical contamination has completely faded away.
Things that are here:
a +0 hand axe; a +0 ring mail You barely miss the orc priest.
You tail-slap the orc priest.
The orc priest is moderately wounded.
You barely miss the orc priest.
The orc priest is moderately wounded.
The orc priest hits you with a +2 heavy war axe.
The magic dart hits the orc priest.
The orc priest is heavily wounded.
The orc priest barely misses you.
You hit the orc priest.
You tail-slap the orc priest, but do no damage.
The orc priest is severely wounded.
You hit the orc priest.
The orc priest is severely wounded.
The orc priest hits you with a +2 heavy war axe!
* * * LOW HITPOINT WARNING * * *
You are too injured to fight recklessly!
You are too injured to fight recklessly!
You hit the orc priest but do no damage.
You tail-slap the orc priest.
The orc priest is almost dead.
The orc priest hits you but does no damage.
You hit the orc priest but do no damage.
The orc priest is almost dead.
You barely miss the orc priest.
The orc priest is almost dead.
The orc priest mumbles some strange prayers to Beogh against you.
Beogh smites you!
You die...

#.#.#.# #.#
#.#.#.#### #.#
#.#.#..... #.#
#.....#### #.#
#...#.# #.#
#####...#.#### #.#
#....>........ #o#
#.....#.#.#### #@#
#.....#.#.# # #.#
#.....#.#.# #
#)###.....#.#.#
#.............####
#####.)...#.#.....
#...'.......#.####
##.###.....#.......
#..............####
############.### #.


You could see an orc priest.

Vanquished Creatures
  2 adders (D:3)
  A dart slug (D:1)
  4 orcs (D:3)
  5 ball pythons
  A bat (D:2)
  4 endoplasms
  5 goblins
  6 hobgoblins
  5 kobolds
  2 quokkas (D:2)
  5 rats
40 creatures vanquished.

Notes
Turn   | Place    | Note
-------+----------+-------------------------------------------
     0 | D:1      | Dartaoz the Draconian Conjurer began the quest for the Orb.
     0 | D:1      | Reached XP level 1. HP: 14/14 MP: 3/3
   286 | D:1      | Reached XP level 2. HP: 20/20 MP: 3/5
  1195 | D:2      | Reached XP level 3. HP: 26/26 MP: 5/7
  1359 | D:2      | Found a radiant altar of Vehumet.
  1369 | D:2      | Became a worshipper of Vehumet
  2326 | D:3      | Reached XP level 4. HP: 33/33 MP: 3/8
  2341 | D:3      | Killed from afar by an orc priest

Illustrated notes

Levels and vault maps discovered:
D:1:      wander_arrival_desolate, layout_basic, serial_glass, glass_columns_b,
          glass_columns_b, dreamdust_mushroom_princess,
          hangedman_decor_clover_reticule
D:2:      layout_rooms, basic_altar, kennysheep_generic_room_12
D:3:      layout_basic, lemuel_tele_altar

Skill      XL: |  1  2  3 |
---------------+----------+-----
Spellcasting   | 3 |  3.1
Dodging        | |  1.7
Stealth        | |  1.7
Conjurations   | |  4.9

Action                     |  1- 3 |  4- 6 || total
---------------------------+-------+-------++-------
  Melee: Mace              |     4 |       ||     4
         Dagger            |       |     8 ||     8
         Tailslap          |       |     4 ||     4
   Cast: Magic Dart        |    75 |     3 ||    78
 Armour: Skin              |     3 |     1 ||     4
  Dodge: Dodged            |     3 |     1 ||     4

Table legend: (Time is in decaauts)
 A = Elapsed time spent in this place.
 B = Non-inter-level travel time spent in this place.
 C = Inter-level travel time spent in this place.
 D = Time resting spent in this place.
 E = Time spent auto-exploring this place.
 F = Levels seen in this place.
 G = Mean time per level.
                   A        B        C        D        E       F      G
               +--------+--------+--------+--------+--------+-----+--------+
         Total |   2341 |   2302 |     39 |      0 |   2107 |   3 |  780.3 |
       Dungeon |   2341 |   2302 |     39 |      0 |   2107 |   3 |  780.3 |
               +--------+--------+--------+--------+--------+-----+--------+

Top non-repeatable levels by time:
     D:1: 938 daAuts
     D:3: 731 daAuts
     D:2: 670 daAuts
